 Dungeon Sprint DCSS version 0.17-a0-1337-ge651487 (webtiles) character file.

1566 Kidiri the Covert (level 8, -2/37 HPs)
             Began as a Spriggan Enchanter on June 10, 2015.
             Was a Follower of Dithmenos.
             Shot with an arrow by a centaur warrior (10 damage)
             ... in the Dungeon (Sprint I: "Red Sonja").
             The game lasted 00:05:06 (667 turns).

Kidiri the Covert (Spriggan Enchanter)               Turns: 667, Time: 00:05:06

Health: -2/37      AC:  6    Str:  4    XL:     8   Next: 59%
Magic:  7/23       EV: 26    Int: 17    God:    Dithmenos [*.....]
Gold:   484        SH:  0    Dex: 18    Spells: 5 memorised, 15 levels left

rFire  . . .     SeeInvis +     n - +0 dagger (distort)
rCold  . . .     Clarity  .     s - +0 troll leather armour
rNeg   . . .     SustAt   .     (shield restricted)
rPois  .         Gourm    .     (helmet restricted)
rElec  .         Spirit   .     r - +0 cloak
rCorr  .         Warding  .     (gloves unavailable)
rMut   .         NoTele   +     (boots unavailable)
MR     +....                    (no amulet)
Stlth  +++++++...               (no ring)
                                (no ring)

@: wreathed by umbra, very quick, somewhat resistant to hostile enchantments,
extremely stealthy
A: unfitting armour, rugged brown scales 1, see invisible, herbivore 3, speed 3,
sense surroundings 1, slow healing 1, slow metabolism 2
a: Renounce Religion


You were in the Dungeon.
You worshipped Dithmenos.
Dithmenos was aware of your devotion.
You were not hungry.

You visited 1 branch You collected 680 gold pieces.
You spent 196 gold pieces at shops.

Inventory:

Hand weapons
 a - a +1 dagger
 m - a +0 blowgun
 n - a +0 dagger of distortion (weapon)
Missiles
 o - 9 curare-tipped needles
Armour
 b - a +1 robe
 r - a +0 cloak (worn)
 s - a +0 troll leather armour (worn)
Scrolls
 j - a scroll of blinking
 l - a scroll of magic mapping {unknown}
Potions
 e - 2 potions of curing
 f - a potion of heal wounds
 g - a potion of haste
 h - 2 potions of magic
 i - a potion of berserk rage
 q - a potion of flight
Books
 c - a book of Maledictions

   Spells                             Type                      Level
   a - Corona                         Hexes                        1
   b - Ensorcelled Hibernation        Hexes/Ice                    2
   c - Confuse                        Hexes                        3
   d - Tukima's Dance                 Hexes                        3
   e - Dazzling Spray                 Conjuration/Hexes            3
Comestibles
 d - a bread ration


   Skills:
 * Level 9.3 Short Blades
 + Level 0.0 Armour
 * Level 11.9 Dodging
 * Level 13.3 Stealth
 * Level 10.4 Spellcasting
 + Level 3.3 Conjurations
 + Level 8.0 Hexes
 + Level 4.5 Ice Magic
 + Level 1.9 Invocations


You had 15 spell levels left.
You knew the following spells:

 Your Spells              Type           Power        Failure   Level  Hunger
a - Corona                Hex            #####..      1%          1    None
b - Ensorcelled Hibernat  Hex/Ice        ####..       1%          2    None
c - Confuse               Hex            #####...     1%          3    None
d - Tukima's Dance        Hex            #####...     1%          3    None
e - Dazzling Spray        Conj/Hex       ####....     6%          3    None


Dungeon Overview and Level Annotations

Branches:
Dungeon (1/1)

Altars:
Cheibriados
Dithmenos
Elyvilon
Fedhas
Gozag
Kikubaaqudgha
Makhleb
Nemelex Xobeh
Okawaru
Qazlal
Ru
Sif Muna
Trog
Vehumet
Xom
Yredelemnul
Zin
The Shining One
Jiyva

Shops:
D ?}[


Innate Abilities, Weirdness & Mutations

You are tiny and cannot use many weapons and most armour.
You have supernaturally acute eyesight.
You are a herbivore.
You cover ground extremely quickly.
You need consume almost no food.
You are partially covered in rugged brown scales (AC +1, +3% HP).
You passively map a small area around you.
You heal slowly when monsters are visible.


Message History

The centaur warrior wields an uncursed shortbow.
The centaur warrior shoots an arrow.
The arrow closely misses you.
You hear a shout!
There is an open door here.
You close the door.
Something unseen opens the door.
Casting: Confuse
Confirm with . or Enter, or press ? or * to list all spells.
Aiming: Ensorcelled Hibernation
Press: ? - help, Shift-Dir - straight line, f/p - centaur warrior
Aim: a centaur warrior, wielding a shortbow (chance to defeat MR: 41%)
The centaur warrior is unaffected.
The centaur warrior shoots an arrow.
The arrow completely misses you.
Casting: Ensorcelled Hibernation
Confirm with . or Enter, or press ? or * to list all spells.
Aiming: Ensorcelled Hibernation
Press: ? - help, Shift-Dir - straight line, f/p - centaur warrior
Aim: a centaur warrior, wielding a shortbow (chance to defeat MR: 41%)
The centaur warrior is unaffected.
The centaur warrior shoots an arrow.
The arrow misses you.
The centaur warrior shoots an arrow.
The arrow hits you!
You die...

#..#####'#####'#__####
#..####..#...#.####=§# ,
#..#__####..##.#§§§§§#,
* #..#_..__##'#..+§≈§§§+
#⌠⌠#_.∩..%'..._#§≈§§c#
####_..._##_.#'##'####*+
* #_____###'#)#.[..###
############.####c###/##
,
#∩........'.%.'@.(..'.∩#
###++++####...##########
,, ##.## , , #+#, , * ,
, + + * , * ,, , , ,, ,
, *


You could see a centaur warrior.

Vanquished Creatures
  Sonja (D)
  A deep troll (D)
  A slime creature (D)
  Sigmund (D)
  A yak (D)
  An ogre (D)
  A jelly (D)
  Ijyb (D)
8 creatures vanquished.

Vanquished Creatures (others)
  A gargoyle (D)
1 creature vanquished.

Grand Total: 9 creatures vanquished

Notes
Turn   | Place    | Note
--------------------------------------------------------------
     0 | D        | Kidiri the Spriggan Enchanter began the quest for the Orb.
     0 | D        | Reached XP level 1. HP: 9/9 MP: 5/5
     2 | D        | Noticed Ijyb
    11 | D        | Killed Ijyb
    11 | D        | Reached skill level 6 in Stealth
    11 | D        | Reached XP level 2. HP: 11/13 MP: 5/8
    17 | D        | Learned a level 2 spell: Ensorcelled Hibernation
    62 | D        | Noticed an ogre
    65 | D        | Killed an ogre
    65 | D        | Reached skill level 7 in Stealth
    65 | D        | Reached skill level 5 in Spellcasting
    65 | D        | Reached skill level 5 in Hexes
    65 | D        | Reached skill level 1 in Ice Magic
    65 | D        | Reached XP level 3. HP: 16/16 MP: 9/11
    65 | D        | Reached XP level 4. HP: 21/21 MP: 9/12
    82 | D        | Learned a level 3 spell: Confuse
    86 | D        | Learned a level 3 spell: Tukima's Dance
    90 | D        | Learned a level 3 spell: Dazzling Spray
    92 | D        | Noticed Sigmund
   100 | D        | Killed Sigmund
   100 | D        | Reached skill level 5 in Short Blades
   100 | D        | Reached skill level 9 in Stealth
   100 | D        | Reached XP level 5. HP: 24/24 MP: 1/15
   199 | D        | Found a snail-covered altar of Cheibriados.
   199 | D        | Found a viscous altar of Jiyva.
   199 | D        | Found a shadowy altar of Dithmenos.
   199 | D        | Found a blossoming altar of Fedhas.
   199 | D        | Noticed a slime creature
   216 | D        | Killed a slime creature
   216 | D        | Reached skill level 10 in Stealth
   216 | D        | Reached skill level 1 in Conjurations
   216 | D        | Reached XP level 6. HP: 8/28 MP: 5/17
   225 | D        | Became a worshipper of Dithmenos the Shadowed
   337 | D        | Killed a gargoyle
   441 | D        | Found a deep blue altar of Sif Muna.
   442 | D        | Noticed a jelly
   443 | D        | Found a radiant altar of Vehumet.
   447 | D        | Killed a jelly
   482 | D        | Found Cimeh's Gadget Emporium.
   482 | D        | Found a white marble altar of Elyvilon.
   482 | D        | Found a stormy altar of Qazlal.
   482 | D        | Found a basalt altar of Yredelemnul.
   482 | D        | Found an iron altar of Okawaru.
   482 | D        | Found a sparkling altar of Nemelex Xobeh.
   482 | D        | Found a shimmering altar of Xom.
   482 | D        | Found an ancient bone altar of Kikubaaqudgha.
   482 | D        | Noticed a yak
   483 | D        | Found a burning altar of Makhleb.
   483 | D        | Found a sacrificial altar of Ru.
   483 | D        | Found a glowing golden altar of the Shining One.
   483 | D        | Found an opulent altar of Gozag.
   483 | D        | Found a glowing silver altar of Zin.
   484 | D        | Killed a yak
   484 | D        | Reached skill level 11 in Stealth
   484 | D        | Reached XP level 7. HP: 32/32 MP: 17/19
   485 | D        | Found a bloodstained altar of Trog.
   501 | D        | Noticed Sonja
   505 | D        | Killed Sonja
   505 | D        | Reached skill level 12 in Stealth
   505 | D        | Reached XP level 8. HP: 36/36 MP: 17/22
   522 | D        | Found Dysih's Magic Scroll Boutique.
   530 | D        | Bought a scroll of identify for 24 gold pieces
   530 | D        | Bought a scroll of identify for 24 gold pieces
   544 | D        | Noticed a deep troll
   548 | D        | Killed a deep troll
   548 | D        | Reached skill level 13 in Stealth
   548 | D        | Reached skill level 10 in Spellcasting
   548 | D        | Reached skill level 1 in Invocations
   561 | D        | Found Riuzuggeun's Armour Emporium.
   574 | D        | Bought a +0 cloak for 58 gold pieces
   627 | D        | Bought a scroll of enchant armour for 90 gold pieces
   630 | D        | Gained mutation: You heal slowly when monsters are visible. [potion of mutation]
   630 | D        | Gained mutation: You passively map a small area around you. [potion of mutation]
   630 | D        | Gained mutation: You are partially covered in rugged brown scales (AC +1, +3% HP). [potion of mutation]
   651 | D        | Noticed a centaur warrior
   653 | D        | Noticed a centaur warrior
   667 | D        | Shot with an arrow by a centaur warrior

Vault maps used:
D:        dungeon_sprint_1

Action                   |  1- 3 |  4- 6 |  7- 9 || total
-------------------------+-------+-------+-------++-------
Melee: Dagger            |     7 |     6 |     2 ||    15
 Cast: Corona            |     1 |       |       ||     1
       Ensorcelled Hiber |       |     9 |     7 ||    16
       Tukima's Dance    |       |     1 |       ||     1
       Confuse           |       |     1 |     2 ||     3
  Use: Scroll            |       |       |     3 ||     3
       Potion            |       |       |     1 ||     1
 Stab: Sleeping          |     2 |     4 |     2 ||     8
